 Dungeon Crawl Stone Soup version 0.31-a0-210-gccc998df9b (webtiles) character file.

Game seed: 3839573479561392334

8901 ytrimaz the Thaumaturge (level 11, -2/68 HPs)
             Began as a Mummy Necromancer on June 30, 2023.
             Was a Priest of Kikubaaqudgha.
             Slain by a wraith (10 damage)
             ... on level 10 of the Dungeon.
             The game lasted 00:24:05 (12149 turns).

ytrimaz the Thaumaturge (Mummy Necromancer)        Turns: 12149, Time: 00:24:05

Health: -2/68      AC:  6    Str: 13    XL:     11   Next: 16%
Magic:  4/36       EV: 13    Int: 19    God:    Kikubaaqudgha [***...]
Gold:   539        SH:  0    Dex:  8    Spells: 11/34 levels left

rFire   x . .        f - +12 spear of Oenomania {heavy, rCorr Str+2 Dex-5}
rCold   + . .        (no shield)
rNeg    + + +        a - +0 troll leather armour
rPois   ∞            (no helmet)
rElec   .            u - +0 cloak
rCorr   +            l - +0 pair of gloves
SInv    +            (no boots)
Will    +....        (no amulet)
Stlth   +            c - ring of see invisible
HPRegen 1.11/turn    g - ring of magical power
MPRegen 0.25/turn

%: faith
@: death channelling, animating dead (expiring), slowed, very slow
A: cold resistance 1, negative energy resistance 3, torment resistance 2, heat
vulnerability 1, in touch with death 1, no potions, faith
a: Renounce Religion, Unearth Wretches


You were on level 10 of the Dungeon.
You worshipped Kikubaaqudgha.
Kikubaaqudgha was most pleased with you.
You visited 2 branches of the dungeon, and saw 11 of its levels.

You collected 620 gold pieces.
You spent 81 gold pieces at shops.


Innate Abilities, Weirdness & Mutations

You are immune to poison.
Your flesh is cold resistant. (rC+)
You are immune to negative energy. (rN+++)
You are immune to unholy pain and torment.
You are vulnerable to heat. (rF-)
You are in touch with the powers of death.
You do not drink.
You have a special connection with the divine. (Faith)


   Skills:
 + Level 8.7 Dodging
 - Level 1.5 Stealth
 + Level 12.2 Spellcasting
 + Level 10.9 Necromancy


You had 11 spell levels left.
You knew the following spells:

 Your Spells              Type           Power      Damage    Failure   Level
a - Necrotise             Necr           100%       1d9       1%          1
b - Vampiric Draining     Necr           68%        2d10      1%          3
c - Animate Dead          Necr           68%        N/A       1%          4
d - Agony                 Necr           68%        N/A       2%          5
e - Dispel Undead         Necr           68%        3d23      1%          4
f - Death Channel         Necr           34%        N/A       13%         6

Your spell library contained the following spells:

 Spells                   Type           Power      Damage    Failure   Level
 Kiss of Death            Conj/Necr      100%       2d13      1%          1
 Cigotuvi's Dreadful Rot  Necr/Pois/Air  76%        N/A       2%          2
 Anguish                  Hex/Necr       24%        N/A       8%          4
 Call Canine Familiar     Summ           11%        N/A       22%         3
 Hailstorm                Conj/Ice       11%        3d5       22%         3
 Portal Projectile        Hex/Tloc       22%        N/A       22%         3
 Leda's Liquefaction      Hex/Erth       5%         N/A       58%         4
 Petrify                  Tmut/Erth      11%        N/A       58%         4
 Simulacrum               Ice/Necr       24%        N/A       77%         6
 Irradiate                Conj/Tmut      5%         3d13      91%         5
 Sublimation of Blood     Necr           Unusable   N/A       N/A         2
 Ice Form                 Ice/Tmut       Unusable   N/A       N/A         4

Inventory:

Hand Weapons
 d - a +4 dagger of venom
   (You took it off Jessica on level 2 of the Dungeon)
 f - the +12 spear of Oenomania (weapon) {heavy, rCorr Str+2 Dex-5}
   (You found it on level 7 of the Dungeon)

   Str:       It affects your strength (+2).
   Dex:       It affects your dexterity (-5).
   rCorr:     It protects you from acid and corrosion.
Missiles
 n - 3 throwing nets
Armour
 a - a +0 troll leather armour (worn)
   (You found it on level 7 of the Dungeon)
 l - a +0 pair of gloves (worn)
   (You found it on level 5 of the Dungeon)
 s - a +1 robe of cold resistance
   (You took it off a wight on level 7 of the Dungeon)
 u - a +0 cloak (worn)
   (You found it on level 8 of the Dungeon)
Jewellery
 b - a +6 ring of strength
   (You found it on level 2 of the Dungeon)
 c - a ring of see invisible (left hand)
   (You found it on level 1 of the Dungeon)
 e - a ring of willpower
   (You found it on level 3 of the Dungeon)
 g - a ring of magical power (right hand)
   (You found it on level 3 of the Dungeon)
 q - a ring of fire
   (You found it on level 6 of the Dungeon)
Wands
 i - a wand of iceblast (3)
   (You found it on level 3 of the Dungeon)
 m - a wand of light (7)
   (You found it on level 5 of the Dungeon)
 t - a wand of paralysis (12)
   (You found it on level 8 of the Dungeon)
 w - a wand of digging (7)
   (You found it on level 10 of the Dungeon)
Scrolls
 h - 2 scrolls of identify
 j - 3 scrolls of amnesia
 k - a scroll of enchant weapon
 o - 6 scrolls of teleportation
 p - 2 scrolls of enchant armour
 r - a scroll of fear
 v - a scroll of acquirement {unknown}

Dungeon Overview and Level Annotations

Branches:
Dungeon (10/15) Zot: 26180  Temple (1/1) D:5 Zot: 5932     Orc (0/2) D:10
   Lair: D:8-11

Altars:
Ashenzari
Cheibriados
Dithmenos
Fedhas
Gozag
Hepliaklqana
Kikubaaqudgha
Makhleb
Nemelex Xobeh
Okawaru
Qazlal
Ru
Sif Muna
Trog
Uskayaw
Vehumet
Wu Jian
Xom
Yredelemnul

Shops:
D:2 **=(   D:4 =!:[*   D:9 *(([

Annotations:
D:5 2 transporters, mdonais's ghost, novice MeWn
D:10 2 runed translucent doors

######....#####. #.# #.###Z
...............# #.# ##.#.Z.
#.####...###...## #<# ##....##
#...# #... .>###....Z## #...#
#(.# ##..[......!. #...# #..#
#.##.###.....##
#...####..###.##.........#
.######........p.......#####.#.#
.........#####ZW@=.#.........#.#
#######.......Z...............>#
#.###########.############ #..
.# #### #


You could see a human, a wraith (ally target), a friendly spectral human and a
friendly human zombie.


Message History

Confirm with . or Enter, or press ? or * to list all spells.
Aiming: Vampiric Draining (safe; 1% risk of failure)
Press: ? - help, Shift-Dir - straight line, f/p - human
Aim: a human, wielding a +3 halberd and wearing a +0 leather armour (almost dead)
You feel a surge of power!
You draw life force from the human!
You kill the human!
Kikubaaqudgha accepts your kill.
You feel life coursing into your body.
The dead are walking!
A glowing mist starts to gather...
The human hits you but does no damage. 😨 HP[+3] MP[-2]
You regained 3 hp, and now have 33/68 hp.
You lost 2 mp, and now have 11/36 mp.
Casting: Vampiric Draining (safe; 1% risk of failure)
Confirm with . or Enter, or press ? or * to list all spells.
Aiming: Vampiric Draining (safe; 1% risk of failure)
Press: ? - help, Shift-Dir - straight line, f - human
Aim: a human, wielding a +0 club and wearing a +0 leather armour You feel a surge of power!
You draw life force from the human!
You feel life coursing into your body. The wraith hits you!
* * * LOW HITPOINT WARNING * * *
The wraith drains your vigour!
You feel yourself slow down. The human hits you with a +0 club.
* * * LOW HITPOINT WARNING * * *
😨 HP[-11] MP[-3]
You take 11 damage, and now have 22/68 hp.
You lost 3 mp, and now have 8/36 mp.
Casting: Vampiric Draining (safe; 1% risk of failure)
Confirm with . or Enter, or press ? or * to list all spells.
Aiming: Vampiric Draining (safe; 1% risk of failure)
Press: ? - help, Shift-Dir - straight line, f/p - human
Aim: a human, wielding a +0 club and wearing a +0 leather armour (moderately wounded)
You feel a surge of power!
You draw life force from the human!
You feel life coursing into your body.
Your human zombie closely misses the wraith.
The wraith hits you.
* * * LOW HITPOINT WARNING * * *
The human misses you.
Your spectral human closely misses the wraith.
Your human zombie hits the wraith but does no damage. 😨 HP[+4] MP[-3]
You regained 4 hp, and now have 26/68 hp.
You lost 3 mp, and now have 5/36 mp.
Casting: Vampiric Draining (safe; 1% risk of failure)
Confirm with . or Enter, or press ? or * to list all spells.
Aiming: Vampiric Draining (safe; 1% risk of failure)
Press: ? - help, Shift-Dir - straight line, f/p - human
Aim: a human, wielding a +0 club and wearing a +0 leather armour (heavily wounded)
You feel a surge of power!
You draw life force from the human!
You feel life coursing into your body. The wraith hits you but does no damage.
The human barely misses you.
Your spectral human hits the wraith but does no damage.
The wraith barely misses you.
Your human zombie hits the wraith.
The human closely misses you.
Your spectral human hits the wraith. 😨 HP[+6] MP[-2]
You regained 6 hp, and now have 32/68 hp.
You lost 2 mp, and now have 3/36 mp.
Unknown command.
Casting: Vampiric Draining (safe; 1% risk of failure)
Confirm with . or Enter, or press ? or * to list all spells.
Okay, then.
You hit the wraith. The wraith hits you.
* * * LOW HITPOINT WARNING * * *
The wraith drains your vigour!
You feel as though you will be slow longer.
The human completely misses you.
Your spectral human closely misses the wraith.
Your human zombie hits the wraith but does no damage.
The wraith misses you. The human hits you with a +0 club.
* * * LOW HITPOINT WARNING * * *
Your spectral human closely misses the wraith.
Your human zombie misses the wraith. 😨 HP[-6]
You take 6 damage, and now have 26/68 hp.
Unknown command.
You closely miss the human. The wraith closely misses you.
The human hits you with a +0 club!
* * * LOW HITPOINT WARNING * * *
Your spectral human hits the wraith but does no damage.
The wraith hits you.
* * * LOW HITPOINT WARNING * * *
The wraith drains your vigour!
You feel as though you will be slow longer.
Your human zombie hits the wraith but does no damage.
The human hits you with a +0 club.
* * * LOW HITPOINT WARNING * * *
Your spectral human hits the wraith but does no damage.
The wraith barely misses you.
Your human zombie completely misses the wraith.
The human hits you with a +0 club!
* * * LOW HITPOINT WARNING * * *
Your spectral human hits the wraith but does no damage. 😱 HP[-21] MP[+1]
You take 21 damage, and now have 5/68 hp.
MASSIVE DAMAGE!! (PAUSE)
You puncture the human!
Your reaping aura is weakening.
The wraith hits you!
You die...
Kikubaaqudgha rasps: "You have failed me!
Welcome... oblivion!"

Skill      XL: |  1  2  3  4  5  6  7  8  9 10 11 |
---------------+----------------------------------+-----
Spellcasting   | 3 4 5 7 8 10 11 12 | 12.2
Dodging        | 2 3 4 5 7 8 |  8.7
Necromancy     | 5 6 7 9 10 | 10.9
Stealth        | |  1.5

Action                     |  1- 3 |  4- 6 |  7- 9 | 10-12 || total
---------------------------+-------+-------+-------+-------++-------
  Melee: Unarmed           |     5 |       |       |       ||     5
         Dagger            |       |    18 |    58 |       ||    76
         Spear             |       |       |    55 |    65 ||   120
   Cast: Necrotise         |    51 |    88 |    48 |     3 ||   190
         Vampiric Draining |       |     5 |    93 |    64 ||   162
         Animate Dead      |       |       |     7 |     6 ||    13
         Agony             |       |       |     6 |    17 ||    23
         Death Channel     |       |       |       |     3 ||     3
 Invoke: Unearth Wretches  |       |       |     3 |     2 ||     5
  Evoke: Wand              |       |       |     5 |     4 ||     9
    Use: Scroll            |     7 |     2 |     4 |       ||    13
   Stab: Paralysed         |       |       |     1 |       ||     1
 Armour: Robe              |       |     8 |    46 |       ||    54
         Troll leather arm |       |       |     4 |    28 ||    32
  Dodge: Dodged            |    13 |    49 |   180 |   130 ||   372

Levels and vault maps discovered:
D:1:      mrwooster_arrival_statue, layout_basic, minivault_27,
          hangedman_abyss_or_decor_stabs
D:2:      layout_basic, chequers_ecumenical_altar_simple_redux, serial_shops,
          nicolae_shop_stone, nicolae_shop_bloodbath_and_beyond, shop,
          nicolae_diamond_shop, minmay_misc_feat_more_columns, uniq_jessica,
          uniq_sigmund
D:3:      layout_basic, nicolae_ru_the_path_less_chosen, st_stairs_12,
          nicolae_eternal_life
D:4:      layout_rooms, serial_shops, shop, shop, shop_fountains, shop, shop
D:5:      layout_basic, minmay_temple_entry_purple_smoke,
          gammafunk_ghost_stat_death
D:6:      layout_cave_pods, old_standard_altar, mainiacjoe_overflow_swirl,
          dk_noncrumbling_4, grunt_ministairs_15, uniq_blork_the_orc
D:7:      layout_basic, mainiacjoe_overflow_surrounded_room
D:8:      layout_cave_pods, minmay_orc_keep
D:9:      layout_loops_ring, mainiacjoe_overflow_small_starburst,
          nicolae_vehumet_radiance, serial_shops, nicolae_shop_hallway_plus,
          nicolae_shop_overgrown_old_shop, nicolae_shop_stone, shop,
          kennysheep_generic_room_6, uniq_joseph
D:10:     due_chaos_kobolds, layout_loops_ring, david_orc_2,
          chequers_serial_rivers_room_b, minmay_ruffians
Temple:   hellmonk_temple_of_storms

Notes
Turn   | Place    | Note
-------+----------+-------------------------------------------
     0 | D:1      | ytrimaz the Mummy Necromancer began the quest for the Orb.
     0 | D:1      | Reached XP level 1. HP: 13/13 MP: 4/4
     0 | D:1      | magus.rc [v1.9.6]
   372 | D:1      | Reached skill level 3 in Spellcasting
   396 | D:1      | Reached XP level 2. HP: 19/19 MP: 3/6
  1052 | D:2      | Found Siria's Assorted Antiques.
  1057 | D:2      | Bought a scroll labelled FINKAE NAHYKHE for 27 gold pieces
  1057 | D:2      | Bought a scroll labelled ADASKE BIPHONG for 27 gold pieces
  1057 | D:2      | Bought a scroll labelled ICISYI WIX RAR for 27 gold pieces
  1270 | D:2      | Reached skill level 2 in Dodging
  1309 | D:2      | Found Lirest's General Store.
  1386 | D:2      | Gained mutation: You are in touch with the powers of death.
                  | [Mummy growth]
  1386 | D:2      | Reached XP level 3. HP: 18/24 MP: 1/7
  1452 | D:2      | Found Giclyakk's Weapon Boutique.
  1463 | D:2      | Learned a level 3 spell: Vampiric Draining
  1541 | D:2      | Found Toel's Jewellery Shop.
  1701 | D:2      | Found a faded altar of an unknown god.
  1799 | D:2      | Noticed Jessica
  1801 | D:2      | Killed Jessica
  1802 | D:2      | Reached XP level 4. HP: 30/30 MP: 6/9
  2042 | D:2      | Noticed Sigmund
  2050 | D:2      | Killed Sigmund
  2051 | D:2      | Reached skill level 3 in Dodging
  2051 | D:2      | Reached skill level 4 in Spellcasting
  2051 | D:2      | Reached skill level 5 in Necromancy
  2051 | D:2      | Reached XP level 5. HP: 16/35 MP: 1/12
  2686 | D:3      | Reached XP level 6. HP: 41/41 MP: 10/13
  3297 | D:3      | Found a sacrificial altar of Ru.
  3455 | D:4      | Reached skill level 5 in Spellcasting
  3477 | D:4      | Found Onuhuuja's Distillery.
  3520 | D:4      | You pick up a book of the Tundra and begin reading...
  3520 | D:4      | You add the spells Hailstorm and Simulacrum to your
                  | library.
  3605 | D:4      | Found Ufaunizu's Antique Armour Emporium.
  3655 | D:4      | Found Ovaot's Book Emporium.
  3716 | D:4      | Found Xoidoanu's General Store.
  3826 | D:4      | Learned a level 4 spell: Animate Dead
  3832 | D:4      | Learned a level 5 spell: Agony
  4103 | D:4      | Found Pequstur's Jewellery Shop.
  4173 | D:5      | Entered Level 5 of the Dungeon
  4271 | D:5      | Noticed an ice beast
  4271 | D:5      | Noticed an acid dragon
  4279 | D:5      | Reached XP level 7. HP: 23/46 MP: 15/15
  4285 | D:5      | Reached skill level 4 in Dodging
  4285 | D:5      | Reached skill level 6 in Necromancy
  4493 | D:5      | Reached skill level 6 in Spellcasting
  4851 | D:5      | Found a staircase to the Ecumenical Temple.
  4857 | Temple   | Entered the Ecumenical Temple
  4904 | Temple   | Became a worshipper of Kikubaaqudgha
  5077 | D:5      | Reached skill level 7 in Spellcasting
  5077 | D:5      | Reached XP level 8. HP: 51/52 MP: 18/18
  5317 | D:5      | Reached skill level 5 in Dodging
  5337 | D:5      | Reached skill level 7 in Necromancy
  5417 | D:5      | Found a transporter.
  5418 | D:5      | Noticed mdonais's ghost (novice MeWn)
  5422 | D:5      | You pick up a book of the Hunter and begin reading...
  5422 | D:5      | You add the spells Call Canine Familiar, Portal Projectile
                  | and Leda's Liquefaction to your library.
  5454 | D:5      | Found a transporter.
  5708 | D:6      | Found a bloodstained altar of Trog.
  5708 | D:6      | Noticed Blork the orc
  5716 | D:6      | Killed Blork the orc
  6095 | D:6      | Found a broken altar of Ashenzari.
  6173 | D:6      | Reached * piety under Kikubaaqudgha
  6173 | D:6      | You add the spells Kiss of Death and Cigotuvi's Dreadful
                  | Rot to your library.
  6173 | D:6      | Received a gift from Kikubaaqudgha
  6422 | D:6      | Reached skill level 8 in Spellcasting
  6516 | D:6      | You pick up a book of Alchemy and begin reading...
  6516 | D:6      | You add the spells Petrify and Irradiate to your library.
  7068 | D:7      | HP: 3/52 [wight/+3 battleaxe (20)]
  7310 | D:7      | Identified the +12 spear of Oenomania {heavy, rCorr Str+2
                  | Dex-5}
  7314 | D:7      | Reached XP level 9. HP: 50/57 MP: 18/21
  7336 | D:7      | Reached skill level 6 in Dodging
  7336 | D:7      | Reached skill level 8 in Necromancy
  7433 | D:7      | Reached skill level 9 in Spellcasting
  7728 | D:7      | Noticed a troll
  7735 | D:7      | Killed a troll
  7856 | D:7      | Found an iron altar of Okawaru.
  8187 | D:7      | Reached ** piety under Kikubaaqudgha
  8189 | D:7      | Reached skill level 9 in Necromancy
  8521 | D:7      | Reached skill level 7 in Dodging
  8521 | D:7      | Reached skill level 10 in Spellcasting
  9181 | D:8      | Reached XP level 10. HP: 60/63 MP: 15/24
  9623 | D:8      | Noticed a two-headed ogre
  9629 | D:8      | Killed a two-headed ogre
  9764 | D:8      | HP: 12/63 [orc priest/divine providence (16)]
  9765 | D:8      | HP: 4/63 [orc wizard/+0 dagger (2)]
  9784 | D:8      | HP: 10/63 [orc priest/divine providence (14)]
 10148 | D:9      | Found Raotzer's Antique Armour Boutique.
 10230 | D:9      | Found the Hermit's Pendant {Faith Invo=14 Evo=0 MP+5}
 10237 | D:9      | Found a radiant altar of Vehumet.
 10367 | D:9      | HP: 15/63 [vampire (6)]
 10367 | D:9      | HP: 6/63 [vampire (9)]
 10369 | D:9      | Reached skill level 11 in Spellcasting
 10444 | D:9      | Found Casih's Antique Weapon Shop.
 10471 | D:9      | Found Cyipriz's Assorted Antiques.
 10560 | D:9      | Reached skill level 10 in Necromancy
 10567 | D:9      | HP: 13/63 [wight/+0 hand axe (7)]
 10663 | D:9      | Reached skill level 8 in Dodging
 10719 | D:9      | Found a sparkling altar of Nemelex Xobeh.
 10720 | D:9      | Noticed Joseph
 10730 | D:9      | HP: 11/63 [+4 spectral quarterstaff[Joseph] (14)]
 10731 | D:9      | Killed Joseph
 10737 | D:9      | HP: 15/63 [yak (9)]
 10948 | D:9      | Identified the +0 ring mail of Death Resistance {-Tele rC-
                  | rN+++ Int+4}
 11054 | D:9      | Found Nuoruw's Weapon Shoppe.
 11158 | D:9      | Noticed a two-headed ogre
 11175 | D:9      | Killed a two-headed ogre
 11176 | D:9      | Reached XP level 11. HP: 33/68 MP: 19/26
 11252 | D:9      | Reached skill level 12 in Spellcasting
 11345 | D:10     | Entered Level 10 of the Dungeon
 11361 | D:10     | Reached *** piety under Kikubaaqudgha
 11361 | D:10     | You add the spells Anguish, Dispel Undead and Death Channel
                  | to your library.
 11361 | D:10     | Received a gift from Kikubaaqudgha
 11369 | D:10     | Learned a level 4 spell: Dispel Undead
 11376 | D:10     | Learned a level 6 spell: Death Channel
 11533 | D:10     | Found a staircase to the Orcish Mines.
 11807 | D:10     | Found a large runed translucent door.
 11807 | D:10     | Found a large runed translucent door.
 11812 | D:10     | Found a shimmering altar of Xom.
 11815 | D:10     | Noticed a cyan ugly thing
 12148 | D:10     | HP: 14/68 [wraith (6)]
 12148 | D:10     | HP: 5/68 [human/+0 club (7)]
 12149 | D:10     | Slain by a wraith

Vanquished Creatures
  2 two-headed ogres
  Joseph (D:9)
  4 trolls
  A hornet (D:9)
  Sigmund (D:2)
  2 vampires (D:9)
  4 yaks (D:9)
  2 humans (D:10)
  2 acid dragons
  A water moccasin (D:7)
  3 orc warriors
  3 sky beasts
  2 ice beasts
  3 centaurs
  3 phantoms
  2 kobold brigands
  Blork the orc (D:6)
  3 gnoll sergeants
  3 scorpions
  A bullfrog (D:9)
  11 wights
  11 killer bees
  A jelly (D:6)
  2 orc priests (D:8)
  3 hounds
  Jessica (D:2)
  A gnoll bouda (D:7)
  5 sleepcaps
  3 iguanas
  4 orc wizards
  10 adders
  23 gnolls
  An ufetubus (D:6)
  A worm (D:2)
  A dart slug (D:4)
  18 orcs
  7 endoplasms
  A giant cockroach (D:2)
  4 goblins
  4 hobgoblins
  4 jackals (D:3)
  3 quokkas
  3 ball pythons
  6 bats
  4 frilled lizards
  7 kobolds
  5 rats
188 creatures vanquished.

Vanquished Creatures (collateral kills)
  A wyvern (D:10)
  2 yaks (D:9)
  7 wights
  2 killer bees (D:7)
  5 gnolls
  A shadow imp (D:8)
  An ufetubus (D:6)
  5 orcs
  A ball python (D:4)
  A goblin (D:2)
  A frilled lizard (D:2)
  2 kobolds (D:7)
  A rat (D:2)
30 creatures vanquished.

Vanquished Creatures (others)
  A two-headed ogre (D:10)
  A meliai (D:8)
  A meliai zombie (D:8)
  A yak (D:9)
  A two-headed ogre zombie (D:10)
  An acid dragon (D:7)
  A wyvern zombie (D:10)
  A killer bee (D:9)
  4 yak zombies (D:9)
  A human zombie (D:10)
  An iguana (D:10)
  9 killer bee zombies
  An acid dragon zombie (D:7)
  An ice beast zombie (D:5)
  An iguana zombie (D:10)
  A kobold (D:8)
  A quokka (D:8)
  A bat (D:7)
  5 gnoll zombies
  3 kobold zombies
  9 orc zombies
  A quokka zombie (D:8)
47 creatures vanquished.

Grand Total: 265 creatures vanquished

Table legend:
 A = Non-vault XP
 B = Vault XP
 C = Vault XP percentage of total XP
 D = Non-vault monster count
 E = Vault monster count
 F = Vault count percentage of total count
                 A         B        C        D         E       F
            +---------+---------+-------+---------+---------+-------
      Total |    9926 |    2791 |  21.9 |     189 |      28 |  12.9
            +---------+---------+-------+---------+---------+-------
        D:1 |      20 |       0 |   0.0 |      13 |       0 |   0.0
        D:2 |      51 |     251 |  83.1 |      23 |       2 |   8.0
        D:3 |      48 |      15 |  23.8 |      13 |       2 |  13.3
        D:4 |     187 |       0 |   0.0 |      14 |       0 |   0.0
        D:5 |    1192 |       0 |   0.0 |      25 |       0 |   0.0
        D:6 |     584 |     150 |  20.4 |      16 |       3 |  15.8
        D:7 |    2358 |       0 |   0.0 |      40 |       0 |   0.0
        D:8 |    1912 |     269 |  12.3 |      23 |       9 |  28.1
        D:9 |    2759 |    1452 |  34.5 |      15 |       3 |  16.7
       D:10 |     815 |     654 |  44.5 |       7 |       9 |  56.2
            +---------+---------+-------+---------+---------+-------

Skill      XL: |  1  2  3  4  5  6  7  8  9 10 11 |
---------------+----------------------------------+-----
Spellcasting   | 3 4 5 7 8 10 11 12 | 12.2
Dodging        | 2 3 4 5 7 8 |  8.7
Necromancy     | 5 6 7 9 10 | 10.9
Stealth        | |  1.5

Action                     |  1- 3 |  4- 6 |  7- 9 | 10-12 || total
---------------------------+-------+-------+-------+-------++-------
  Melee: Unarmed           |     5 |       |       |       ||     5
         Dagger            |       |    18 |    58 |       ||    76
         Spear             |       |       |    55 |    65 ||   120
   Cast: Necrotise         |    51 |    88 |    48 |     3 ||   190
         Vampiric Draining |       |     5 |    93 |    64 ||   162
         Animate Dead      |       |       |     7 |     6 ||    13
         Agony             |       |       |     6 |    17 ||    23
         Death Channel     |       |       |       |     3 ||     3
 Invoke: Unearth Wretches  |       |       |     3 |     2 ||     5
  Evoke: Wand              |       |       |     5 |     4 ||     9
    Use: Scroll            |     7 |     2 |     4 |       ||    13
   Stab: Paralysed         |       |       |     1 |       ||     1
 Armour: Robe              |       |     8 |    46 |       ||    54
         Troll leather arm |       |       |     4 |    28 ||    32
  Dodge: Dodged            |    13 |    49 |   180 |   130 ||   372

Illustrated notes

Table legend:
 A = Kills in this place as a percentage of kills in the entire game.
 B = Kills by you in this place as a percentage of kills by you in the entire game.
 C = Kills by friends in this place as a percentage of kills by friends in the entire game.
 D = Other kills in this place as a percentage of other kills in the entire game.
 E = Experience gained in this place as a percentage of experience gained in the entire game.
 F = Experience gained in this place divided by the number of levels of this place that you have seen.
                   A       B       C       D       E      F
               +-------+-------+-------+-------+-------+----------------------
         Total | 100.0 | 100.0 | 100.0 |   N/A | 100.0 | 1156.1
       Dungeon | 100.0 | 100.0 | 100.0 |   N/A | 100.0 | 1271.7
               +-------+-------+-------+-------+-------+----------------------

Table legend: (Time is in decaauts)
 A = Elapsed time spent in this place.
 B = Non-inter-level travel time spent in this place.
 C = Inter-level travel time spent in this place.
 D = Time resting spent in this place.
 E = Time spent auto-exploring this place.
 F = Levels seen in this place.
 G = Mean time per level.
                   A        B        C        D        E       F      G
               +--------+--------+--------+--------+--------+-----+--------+
         Total |  12232 |  11895 |    337 |    807 |   9311 |  11 | 1112.0 |
       Dungeon |  12164 |  11859 |    305 |    807 |   9289 |  10 | 1216.4 |
        Temple |     67 |     35 |     32 |      0 |     22 |   1 |   67.0 |
               +--------+--------+--------+--------+--------+-----+--------+

Top non-repeatable levels by time:
     D:6: 1672 daAuts
     D:7: 1546 daAuts
     D:9: 1450 daAuts
     D:2: 1395 daAuts
     D:8: 1290 daAuts
     D:5: 1192 daAuts
     D:3: 1125 daAuts
     D:1: 925 daAuts
     D:4: 850 daAuts
    D:10: 714 daAuts
  Temple: 67 daAuts
